Map: 돌개바람 - 래더 (공허의 유산)

Players

True

  • Race: Zerg Zerg
  • League: Master
  • Spawn Location: 5:00

Forte - Winner!

  • Race: Terran Terran
  • League: Master
  • Spawn Location: 1:00

VOD

Have the link to the VOD?

Description

Time

  • Played on: Nov. 27, 2016, 4:20 a.m.
  • Length: 9:09
Show
View Real Time Build Order
Export as new Build Order

True Zerg 

Build Orders: Hatch First 

Get SALT Encoding   

  12  0:01  Drone  
  13  0:13  Overlord  
  13  0:16  Drone  
  14  0:31  Drone x2  
  14  0:35  Drone  
  17  0:51  Hatchery  
  17  0:55  Drone  
  17  1:08  Spawning Pool  
  17  1:10  Extractor  
  15  1:13  Drone  
  15  1:16  Drone  
  17  1:20  Drone  
  18  1:29  Drone  
  19  1:39  Overlord  
  19  1:51  Drone  
  20  1:55  Queen  
  20  2:01  Zergling x2  
  23  2:03  Zergling x2, Queen  
  26  2:11  Metabolic Boost, Drone  
  26  2:15  Drone  
  28  2:22  Drone  
  29  2:24  Drone  
  29  2:32  Queen  
  29  2:34  Drone  
  32  2:37  Drone  
  32  2:43  Overlord  
  33  2:49  Queen  
  35  3:02  Drone x3  
  35  3:05  Drone x3  
  40  3:08  Overlord  
  41  3:15  Lair  
  41  3:18  Drone  
  42  3:21  Drone  
  42  3:24  Overlord  
  42  3:26  Drone  
  44  3:28  Drone  
  44  3:31  Drone  
  44  3:33  Drone  
  47  3:36  Extractor  
  47  3:41  Drone  
  47  3:43  Drone x3  
  47  3:46  Extractor  
  49  3:50  Drone x3  
  49  3:52  Drone  
  49  3:54  Overlord  
  53  4:06  Zergling x2  
  53  4:07  Zergling x2  
  55  4:14  Spire  
  55  4:15  Overlord  
  54  4:21  Zergling x6  
  57  4:29  Zergling x8  
  61  4:34  Zergling x2, Baneling Nest  
  61  4:37  Zergling x2  
  62  4:47  Hatchery  
  61  4:53  Drone x4  
  61  4:55  Extractor  
  61  4:59  Overlord  
  64  5:01  Drone x3  
  64  5:06  Evolution Chamber x2  
  65  5:15  Overlord  
  65  5:16  Zergling x4  
  65  5:20  Baneling x4  
  65  5:21  Baneling  
  65  5:26  Evolution Chamber  
  65  5:32  Zergling x12  
  65  5:36  Mutalisk x2  
  65  5:40  Queen  
  70  5:43  Mutalisk  
  70  5:45  Mutalisk  
  70  5:51  Mutalisk  
  70  5:52  Overlord  
  70  5:53  Mutalisk  
  70  5:55  Mutalisk  
  76  5:59  Queen  
  76  6:01  Queen  
  76  6:03  Zergling x2  
  76  6:04  Zergling x2  
  83  6:11  Zergling x4  
  83  6:13  Zergling x8  
  84  6:19  Zergling x2  
  84  6:35  Mutalisk x2  
  84  6:37  Mutalisk  
  84  6:47  Drone x5  
  84  6:49  Overlord  
  84  6:50  Overlord  
  84  6:54  Zerg Flyer Weapons Level 1  
  89  6:58  Overlord  
  82  7:01  Drone x4  
  82  7:04  Mutalisk  
  82  7:05  Mutalisk  
  80  7:10  Zergling x6  
  80  7:11  Zergling x8  
  80  7:14  Zergling x2  
  83  7:18  Mutalisk  
  83  7:21  Zergling x2  
  81  7:23  Zergling x2  
  81  7:27  Zergling x2  
  81  7:29  Zergling x2  
  81  7:34  Zergling x2  
  81  7:36  Zergling x4  
  82  7:40  Zergling x2  
  82  7:42  Zergling x2  
  81  7:46  Mutalisk  
  81  7:50  Queen  
  83  7:57  Mutalisk  
  83  7:58  Zergling x8  
  87  8:03  Zergling x2  
  87  8:05  Zergling x4  
  92  8:06  Overlord  
  91  8:21  Overlord  
  91  8:25  Baneling x16  
  91  8:27  Zergling x2  
  92  8:35  Overlord  
  92  8:36  Baneling x5  
  92  8:38  Overlord  
  92  8:40  Zergling x2  
  91  8:42  Zergling x2  
  91  8:44  Zergling x2  
  91  8:45  Zergling x2  
Show
View Real Time Build Order
Export as new Build Order

Forte Terran - Winner!

Build Orders: Reaper Expand, MMM Bio 

Get SALT Encoding   

  12  0:00  SCV  
  13  0:13  SCV  
  14  0:17  Supply Depot  
  14  0:25  SCV  
  15  0:39  SCV  
  15  0:40  Barracks  
  16  0:44  Refinery  
  16  0:51  SCV  
  17  1:03  SCV  
  18  1:15  SCV  
  19  1:27  Orbital Command, Reaper  
  20  1:38  Command Center  
  20  1:48  Barracks  
  20  1:53  SCV  
  21  1:59  Barracks Reactor  
  21  2:03  Supply Depot  
  21  2:05  SCV  
  22  2:12  Refinery  
  22  2:18  SCV  
  22  2:22  Factory  
  23  2:30  SCV  
  23  2:36  Barracks Tech Lab, Marine x2  
  26  2:42  SCV  
  27  2:50  Orbital Command  
  27  2:54  SCV  
  27  2:55  Stimpack  
  28  3:01  Marine x3  
  31  3:06  SCV  
  32  3:17  SCV  
  33  3:20  Starport  
  33  3:21  Factory Reactor  
  33  3:23  Marine x2  
  33  3:24  Marine  
  36  3:27  SCV  
  36  3:29  SCV  
  36  3:32  Supply Depot  
  38  3:39  SCV  
  38  3:41  SCV  
  40  3:42  Marine x2  
  40  3:43  Marine  
  43  3:50  Supply Depot  
  43  3:52  SCV  
  43  3:53  SCV  
  45  4:01  Marine  
  45  4:02  Marine x2  
  47  4:05  Medivac x2  
  47  4:07  SCV x2  
  53  4:14  Supply Depot  
  53  4:19  Marine x3, SCV x2  
  58  4:31  Command Center  
  58  4:37  SCV  
  58  4:38  Supply Depot, SCV  
  60  4:42  Marine x3  
  60  4:45  Widow Mine  
  63  4:46  Medivac  
  63  4:51  Engineering Bay x2  
  67  4:58  Combat Shields  
  67  4:59  Supply Depot  
  67  5:00  SCV  
  67  5:01  SCV  
  69  5:07  Refinery  
  69  5:09  Marine x3  
  69  5:13  SCV x2  
  74  5:20  Terran Infantry Weapons Level 1  
  74  5:21  Terran Infantry Armor Level 1  
  74  5:25  SCV x2  
  76  5:34  Marine x2  
  78  5:47  Factory Reactor  
  72  5:51  Barracks  
  72  5:52  Orbital Command  
  72  5:53  Barracks  
  72  5:55  Barracks, SCV x2  
  72  5:56  Marine x3  
  77  6:00  Refinery  
  77  6:08  Missile Turret  
  77  6:10  SCV  
  77  6:11  SCV  
  79  6:14  Marine x3  
  80  6:24  Medivac x2  
  84  6:32  Marine x3  
  82  6:43  Barracks Reactor x2  
  82  6:44  Barracks Reactor  
  82  6:45  Armory  
  80  6:47  Supply Depot, Missile Turret  
  80  6:48  Widow Mine x2, Supply Depot  
  80  6:51  SCV x2  
  80  6:52  Missile Turret  
  85  6:57  Supply Depot  
  85  6:58  Supply Depot  
  78  7:03  Marine x3, SCV x2  
  80  7:15  SCV x2  
  76  7:16  Medivac x2  
  76  7:17  Widow Mine x2  
  76  7:21  Orbital Command, Marine x3  
  86  7:27  SCV x2  
  86  7:28  Missile Turret  
  88  7:33  Marine x5  
  88  7:34  Marine  
  93  7:39  SCV x2, Marine x2  
  96  7:48  SCV  
  96  7:51  SCV x2  
  98  8:00  SCV  
  98  8:01  Marine x2  
  98  8:02  Marine x4  
  98  8:03  Marine  
  98  8:04  Marauder  
  108  8:11  SCV x2  
  108  8:12  SCV  
  110  8:21  Widow Mine x2  
  110  8:22  Medivac x2, Supply Depot  
  110  8:24  Supply Depot  
  118  8:31  SCV x3  
  117  8:39  Marine x3  
  117  8:40  Marauder, Marine x4  
  126  8:45  SCV x2  
  126  8:46  SCV  
  129  8:49  Marine  
Tags
 
Add a new tag
Caveats
  • Supply blocks, unpowered buildings, or Contaminate may cause inaccurate times.
  • Supply counts are checked every 10 seconds.